 Dungeon Crawl Stone Soup version 0.20-a0-457-g0569cd0 (webtiles) character file.

281 HarryHood the Skirmisher (level 6, 0/41 HPs)
             Began as a Gargoyle Berserker on Dec 24, 2016.
             Was a Priest of Trog.
             Slain by a bullfrog (3 damage)
             ... in a sewer.
             The game lasted 00:10:44 (2240 turns).

HarryHood the Skirmisher (Gargoyle Berserker)       Turns: 2240, Time: 00:10:45

Health: 0/41       AC: 15    Str: 21    XL:     6   Next: 27%
Magic:  6/6        EV:  6    Int:  7    God:    Trog [***...]
Gold:   134        SH:  0    Dex: 11    Spells: 5/5 levels left

rFire  . . .     SeeInvis .     k - +4 mace
rCold  . . .     Gourm    .     g - +0 plate armour (curse)
rNeg   + + .     Faith    .     (no shield)
rPois  ∞         Spirit   .     (no helmet)
rElec  +         Reflect  .     (no cloak)
rCorr  .         Harm     .     (no gloves)
MR     ++...                    (no boots)
Stlth  ..........               (no amulet)
                                b - ring of flight
                                m - ring of positive energy

@: exhausted, regenerating, slowed, very slow
A: negative energy resistance 1, electricity resistance, unbreathing,
petrification resistance, rot immunity, AC +4
a: Berserk, Trog's Hand, Burn Spellbooks, Renounce Religion, Evoke Flight


You were in a sewer.
You worshipped Trog.
Trog was most pleased with you.
You were near starving.

You visited 1 branch of the dungeon, and saw 3 of its levels.
You also visited: Sewer.

You collected 134 gold pieces.

Inventory:

Hand Weapons
 k - a +4 mace (weapon)
Armour
 g - a cursed +0 plate armour (worn)
Jewellery
 b - a ring of flight (right hand)
 m - a ring of positive energy (left hand)
Wands
 o - a wand of random effects (27/48)
Scrolls
 e - a scroll of enchant weapon
 l - a scroll of amnesia {unknown}
 q - a scroll of teleportation
 t - a scroll of magic mapping
 u - 3 scrolls of recharging {unknown}
Potions
 a - a potion of might {unknown}
 d - a potion of agility {unknown}
 h - 2 potions of beneficial mutation {unknown}
 j - 3 potions of brilliance
 n - 3 potions of curing {unknown}
 p - a potion of degeneration {unknown}
 r - 2 potions of magic {unknown}
 s - a potion of haste {unknown}
Comestibles
 c - 4 bread rations {@e1}
 f - 7 chunks of flesh
 i - 3 fruits {@e2}


   Skills:
 - Level 6.0 Fighting
 * Level 5.0 Maces & Flails
 - Level 2.1 Armour
 - Level 1.5 Dodging


You had 5 spell levels left.
You didn't know any spells.

Dungeon Overview and Level Annotations

Branches:
Dungeon (3/15)

Altars:
Okawaru


Innate Abilities, Weirdness & Mutations

You are resistant to torment.
Your stone body is resilient. (AC +4)
You are immune to poison.
You resist negative energy. (rN+)
You are resistant to electric shocks. (rElec)
You can survive without breathing.
You are immune to petrification.
You are immune to rotting.


Message History

The adder is heavily wounded.
The bullfrog hits you but does no damage. x2
The ball python bites you but does no damage.
The ball python constricts you.
The ball python bites you but does no damage.
The adder bites you but does no damage. x2
The bullfrog hits you but does no damage. x2
The ball python bites you but does no damage.
The ball python constricts you.
The ball python bites you but does no damage.
The adder bites you but does no damage. x2
The bullfrog hits you but does no damage. x2
You sock the ball python!
You kill the ball python!
Trog accepts your kill.
The ball python bites you but does no damage.
The ball python closely misses you. The adder bites you.
* * * LOW HITPOINT WARNING * * *
The adder bites you but does no damage. The bullfrog hits you.
You die...

#..'.... #..#....
####...#
####################....#
...≈≈≈≈≈≈≈≈≈≈≈≈≈≈≈......#
...≈≈≈≈≈≈≈≈≈≈≈≈≈≈≈.....##
...≈≈≈≈≈≈≈≈≈≈≈≈≈≈≈.....#
...≈≈≈≈SF≈≈≈≈≈≈≈≈≈.....#
...≈≈≈SS@†.≈#≈≈≈≈≈....##
...≈≈≈SFS≈≈≈≈≈≈≈≈≈#.###
#####################


You could see 2 bullfrogs, 2 adders and 3 ball pythons.

Vanquished Creatures
  Ijyb (D:3)
  4 gnolls (D:2)
  5 adders
  6 river rats
  2 oozes (Sewer)
  3 worms (D:2)
  2 dart slugs
  5 leopard geckos
  4 orcs (D:3)
  12 ball pythons
  5 giant cockroaches
  3 goblins
  9 hobgoblins
  2 quokkas
  8 bats
  5 frilled lizards
  3 kobolds (D:1)
  30 rats
109 creatures vanquished.

Notes
Turn   | Place    | Note
-------+----------+-------------------------------------------
     0 | D:1      | HarryHood the Gargoyle Berserker began the quest for the Orb.
     0 | D:1      | Reached XP level 1. HP: 14/14 MP: 1/1
    38 | D:1      | Reached XP level 2. HP: 19/20 MP: 2/2
    62 | D:1      | HP: 1/20 [leopard gecko (4)]
    63 | D:1      | Reached skill level 4 in Fighting
   849 | D:2      | Reached XP level 3. HP: 24/24 MP: 3/3
  1017 | D:2      | Reached ** piety under Trog
  1080 | D:2      | Reached skill level 5 in Fighting
  1120 | D:2      | Reached XP level 4. HP: 25/31 MP: 4/4
  1123 | D:2      | Found an iron altar of Okawaru.
  1293 | D:2      | Reached skill level 6 in Fighting
  1387 | D:3      | Noticed Ijyb
  1399 | D:3      | Killed Ijyb
  1399 | D:3      | Reached XP level 5. HP: 36/36 MP: 5/5
  1518 | D:3      | Reached *** piety under Trog
  1934 | D:3      | Found a glowing drain.
  1943 | Sewer    | Entered a sewer
  2033 | Sewer    | Reached XP level 6. HP: 36/41 MP: 6/6
  2154 | Sewer    | Reached **** piety under Trog
  2158 | Sewer    | Reached skill level 5 in Maces & Flails
  2238 | Sewer    | HP: 2/41 [adder (2)]
  2240 | Sewer    | Slain by a bullfrog

Vault maps used:
D:1:      onia_arrival_pentagram
D:2:      okawaru_metal_pillars_1_2, minivault_27
D:3:      gup_sewer_entry_bubbles, kennysheep_nub, minmay_cut_off, uniq_iyjb
Sewer:    sewer_minmay_w

Skill      XL: |  1  2  3  4  5  6 |
---------------+-------------------+-----
Fighting       | 4 5 6 |  6.0
Maces & Flails | 4 5 |  5.0
Armour         | |  2.1
Dodging        | |  1.5

Action                   |  1- 3 |  4- 6 || total
-------------------------+-------+-------++-------
Melee: Mace              |   113 |   212 ||   325
Invok: Berserk           |       |     3 ||     3
       Trog's Hand       |       |     2 ||     2
 Abil: Evoke Flight      |     1 |       ||     1
  Use: Scroll            |     5 |     1 ||     6
  Eat: Chunk             |     1 |     6 ||     7
Armor: Plate armour      |    79 |   273 ||   352
       Animal skin       |     9 |       ||     9
Dodge: Dodged            |    55 |    97 ||   152
